 Dungeon Crawl Stone Soup version 0.24.0-10-g970556be89 (webtiles) character file.

Game seed: 14432402417729165778, levelgen mode: deterministic

155 opiumtea the Conjurer (level 5, -5/36 HPs)
             Began as an Octopode Conjurer on Nov 3, 2019.
             Slain by a wyvern zombie (15 damage)
             ... on level 4 of the Dungeon.
             The game lasted 00:10:53 (3828 turns).

opiumtea the Conjurer (Octopode Conjurer)           Turns: 3828, Time: 00:10:54

Health: -5/36      AC:  1    Str:  7    XL:     5   Next: 37%
Magic:  1/10       EV: 16    Int: 19    God:
Gold:   210        SH:  0    Dex: 12    Spells: 1/11 levels left

rFire    . . .     SeeInvis .   a - +0 short sword
rCold    . . .     Gourm    .   (no shield)
rNeg     . . .     Faith    .   (helmet restricted)
rPois    .         Spirit   .   (no amulet)
rElec    .         Reflect  .   f - +3 ring of evasion
rCorr    .         Harm     .   (no ring)
MR       .....                  (no ring)
Stlth    +++.......             (no ring)
HPRegen  0.12/turn              (no ring)
MPRegen  0.12/turn              (no ring)
                                (no ring)
                                (no ring)

@: no status effects
A: almost no armour, stealthy swim, amphibious, 8 rings, constrict 8, camouflage
1, gelatinous body 1
a: no special abilities


You were on level 4 of the Dungeon.
You were not hungry.

You visited 1 branch of the dungeon, and saw 4 of its levels.

You collected 210 gold pieces.

Inventory:

Hand Weapons
 a - a +0 short sword (weapon)
Missiles
 k - 125 stones (quivered)
Armour
 q - a +0 buckler
Jewellery
 f - a +3 ring of evasion (left tentacle)
Wands
 l - a wand of random effects (19)
Scrolls
 c - a scroll of amnesia {unknown}
 d - a scroll of magic mapping {unknown}
 g - a scroll of fear {unknown}
 h - 3 scrolls of identify {unknown}
 j - 3 scrolls of remove curse {unknown}
 o - a scroll of teleportation {unknown}
 r - a scroll of immolation {unknown}
 s - a scroll of enchant weapon {unknown}
 t - a scroll of enchant armour {unknown}
 u - 2 scrolls of blinking {unknown}
Potions
 e - a potion of ambrosia {unknown}
 i - a potion of flight {unknown}
 m - 3 potions of mutation {unknown}
 n - 2 potions of degeneration {unknown}
 p - a potion of resistance
 v - 2 potions of berserk rage {unknown}
Comestibles
 b - 2 rations


   Skills:
 + Level 3.1 Fighting
 - Level 2.0 Dodging
 - Level 2.6 Stealth
 - Level 3.9 Spellcasting
 - Level 4.0 Conjurations


You had one spell level left.
You knew the following spells:

 Your Spells              Type           Power        Failure   Level  Hunger
a - Magic Dart            Conj           ###.         2%          1    None
b - Searing Ray           Conj           ###...       4%          2    ##.....
c - Dazzling Spray        Conj/Hex       ##....       19%         3    ###....
d - Iskenderun's Mystic   Conj           ###.....     26%         4    ####...

Your spell library contained the following spells:

 Spells                   Type           Power        Failure   Level  Hunger
 Force Lance              Conj/Tloc      ##......     52%         4    ####...
 Fulminant Prism          Conj/Hex       ##........   52%         4    ####...


Dungeon Overview and Level Annotations

Branches:
Dungeon (4/15)
 Temple: D:4-7

Altars:


Innate Abilities, Weirdness & Mutations

You cannot wear most types of armour.
You are very stealthy in the water. (Stealth+)
You are amphibious.
You can wear up to eight rings at the same time.
You can use your tentacles to constrict eight enemies at once.
Your skin changes colour to match your surroundings (Stealth+).
Your rubbery body absorbs attacks. (AC +1, EV +1)


Message History

The wyvern zombie is heavily damaged.
You finish channeling your searing ray.
The wyvern zombie closely misses you.
Casting: Searing Ray (safe; 4% risk of failure)
Confirm with . or Enter, or press ? or * to list all spells.
Aiming: Searing Ray (safe; 4% risk of failure)
Press: ? - help, Shift-Dir - straight line, f/p - wyvern zombie
Aim: a wyvern zombie (heavily damaged)
The searing ray hits the wyvern zombie.
The wyvern zombie is heavily damaged. (Press . to maintain the ray.)
The wyvern zombie misses you.
The searing ray hits the wyvern zombie.
The wyvern zombie is severely damaged.
The wyvern zombie bites you!
* * * LOW HITPOINT WARNING * * *
The wyvern zombie closely misses you.
The searing ray hits the wyvern zombie.
The wyvern zombie is severely damaged.
The wyvern zombie bites you!
You die...

#.#####.....## #.##
.........#.[### ...#.
#..#....###..># #....
#####...a# ###.# ...
.........#####.##.#
........##.##.....##
...........##.##...##
#.......#.....##....#
#......###...##.@#..#
....... #....#.Z#..##
#......
#....##......#
##.##.#
#....##.....## #. ..
..##......# # ...
......$..#####
#..####...# ....#
##....


You could see a wyvern zombie.

Vanquished Creatures
  An orc wizard (D:3)
  Jessica (D:2)
  A worker ant (D:4)
  An adder (D:2)
  A leopard gecko (D:2)
  4 orcs (D:3)
  5 bats
  3 giant cockroaches
  5 goblins
  8 hobgoblins
  6 jackals
  7 kobolds
  2 quokkas
  4 frilled lizards
  9 rats
  3 plants (D:2)
61 creatures vanquished.

Notes
Turn   | Place    | Note
-------+----------+-------------------------------------------
     0 | D:1      | opiumtea the Octopode Conjurer began the quest for the Orb.
     0 | D:1      | Reached XP level 1. HP: 11/11 MP: 3/3
   268 | D:1      | Reached XP level 2. HP: 17/17 MP: 3/5
   272 | D:1      | Learned a level 2 spell: Searing Ray
  1116 | D:1      | Reached XP level 3. HP: 21/21 MP: 5/7
  1140 | D:1      | Learned a level 3 spell: Dazzling Spray
  1602 | D:2      | Noticed Jessica
  1806 | D:2      | Killed Jessica
  1806 | D:2      | Reached XP level 4. HP: 27/27 MP: 4/9
  1864 | D:2      | Learned a level 4 spell: Iskenderun's Mystic Blast
  2026 | D:2      | Reached skill level 1 in Fighting
  2727 | D:3      | Reached XP level 5. HP: 35/35 MP: 5/10
  3828 | D:4      | Slain by a wyvern zombie

Levels and vault maps discovered:
D:1:      lemuel_arrival_behind_the_door_small, layout_basic
D:2:      layout_rooms, serial_bayou_lake_a, uniq_jessica
D:3:      layout_rooms
D:4:      layout_cave_pools

Skill      XL: |  1  2  3  4  5 |
---------------+----------------+-----
Spellcasting   | 3 |  3.9
Fighting       | 2 3 |  3.1
Dodging        | |  2.0
Stealth        | |  2.6
Conjurations   | |  4.0

Action                   |  1- 3 |  4- 6 || total
-------------------------+-------+-------++-------
Melee: Unarmed           |     3 |       ||     3
       Tentacles         |     1 |    22 ||    23
       Constrict         |     1 |     3 ||     4
       Short sword       |       |    81 ||    81
 Cast: Magic Dart        |    48 |    56 ||   104
       Searing Ray       |     1 |     8 ||     9
       Dazzling Spray    |       |     1 ||     1
  Eat: Chunk             |     3 |     6 ||     9
Armor: Skin              |     1 |     2 ||     3
Dodge: Dodged            |     4 |    23 ||    27
